 Dungeon Crawl Stone Soup version 0.17.1-3-g152610e (webtiles) character file.

168 Romlok the Sneak (level 5, -4/31 HPs)
             Began as a Gargoyle Enchanter on Mar 13, 2016.
             Slain by an iguana (9 damage)
             ... on level 4 of the Dungeon on Mar 14, 2016.
             The game lasted 01:08:20 (3892 turns).

Romlok the Sneak (Gargoyle Enchanter)               Turns: 3892, Time: 01:08:20

Health: -4/31      AC: 10    Str: 11    XL:     5   Next: 49%
Magic:  14/18      EV: 12    Int: 16    God:
Gold:   128        SH:  0    Dex: 11    Spells: 4 memorised, 0 levels left

rFire  . . .     SeeInvis +     a - +1 dagger (speed)
rCold  . . .     Clarity  .     o - +1 robe
rNeg   + . .     SustAt   .     (no shield)
rPois  ∞         Gourm    .     s - +2 helmet
rElec  +         Spirit   .     (no cloak)
rCorr  .         Warding  .     (no gloves)
rMut   .         Stasis   .     (no boots)
MR     .....                    (no amulet)
Stlth  ++........               k - ring of magical power
                                e - ring of see invisible

@: not resistant to hostile enchantments, unstealthy
A: negative energy resistance 1, electricity resistance, unbreathing,
petrification resistance, rot immunity, AC +4
a: no special abilities


You were on level 4 of the Dungeon.
You were not hungry.

You visited 1 branch of the dungeon, and saw 4 of its levels.

You collected 128 gold pieces.

Inventory:

Hand Weapons
 a - a +1 dagger of speed (weapon)
 b - a +0 flail
 g - a +1 dagger
 i - a cursed -2 dagger
 n - a +0 trident
Missiles
 f - 134 stones (quivered)
 j - 12 sling bullets of frost
Armour
 l - a +1 chain mail
 o - a +1 robe (worn)
 s - a +2 helmet (worn)
Jewellery
 e - a ring of see invisible (left hand)
 k - a ring of magical power (right hand)
Wands
 r - a wand of frost (12)
Scrolls
 m - 2 scrolls of identify
 t - a scroll of teleportation
Potions
 h - 2 potions of curing
Books
 c - a book of Maledictions

   Spells                             Type                      Level
   a - Corona                         Hexes                        1
   b - Ensorcelled Hibernation        Hexes/Ice                    2
   c - Confuse                        Hexes                        3
   d - Tukima's Dance                 Hexes                        3
   e - Dazzling Spray                 Conjuration/Hexes            3
 p - a book of the Warp

   Spells                             Type                      Level
   a - Recall                         Summoning/Translocation      3
   b - Gell's Gravitas                Hexes/Translocation          3
   c - Force Lance                    Conjuration/Translocation    4
   d - Phase Shift                    Translocation                5
   e - Warp Weapon                    Charms/Translocation         5
   f - Summon Forest                  Summoning/Translocation      5
Comestibles
 d - 4 bread rations


   Skills:
 * Level 2.4 Fighting
 - Level 1.0 Short Blades
 + Level 0.8 Maces & Flails
 + Level 2.4 Armour
 * Level 2.4 Dodging
 - Level 3.2 Stealth
 + Level 2.6 Spellcasting
 + Level 3.0 Hexes


You couldn't memorise any spells.
You knew the following spells:

 Your Spells              Type           Power        Failure   Level  Hunger
a - Corona                Hex            ##.....      8%          1    #......
b - Ensorcelled Hibernat  Hex/Ice        #.....       17%         2    ##.....
c - Confuse               Hex            ##......     17%         3    ###....
d - Tukima's Dance        Hex            ##......     17%         3    ###....


Dungeon Overview and Level Annotations

Branches:
Dungeon (4/15)
 Temple: D:4-7

Altars:
Makhleb

Annotations:
D:3 Clownie's ghost, amateur MfEn


Innate Abilities, Weirdness & Mutations

You are resistant to torment.
Your stone body is resilient (AC +4).
You are immune to poison.
You resist negative energy.
You are resistant to electric shocks.
You can survive without breathing.
You are immune to petrification.
You are immune to rotting.


Message History

The iguana is almost dead.
The iguana bites you but does no damage.
You hit the iguana but do no damage.
The iguana is almost dead.
The iguana stops glowing.
The iguana bites you!
* * * LOW HITPOINT WARNING * * *
You are too injured to fight recklessly!
You are too injured to fight recklessly!
You are too injured to fight recklessly!
You barely miss the iguana.
The iguana is almost dead.
You hit the iguana but do no damage.
The iguana is almost dead.
The iguana barely misses you.
You barely miss the iguana.
The iguana is almost dead.
You hit the iguana.
The iguana is almost dead.
The iguana bites you!
You die...

....................#
...........###.###..#
...........# .# #..#
...........###+###..#
.............+_###.##
...........###+###.#
...........# #. #.#
...........###.###.#
...............l@..#
###########.#..#####
....## ......#
......# ......# ####


You could see an iguana.

Vanquished Creatures
  8 adders
  An adder skeleton (D:4)
  3 worms (D:2)
  2 giant geckos
  An orc (D:4)
  8 bats
  4 giant cockroaches
  15 hobgoblins
  6 kobolds
  7 quokkas
  2 ball pythons
  A giant gecko skeleton (D:4)
  4 giant newts
  10 goblins
  A jackal skeleton (D:4)
  7 rats
80 creatures vanquished.

Notes
Turn   | Place    | Note
--------------------------------------------------------------
     0 | D:1      | Romlok the Gargoyle Enchanter began the quest for the Orb.
     0 | D:1      | Reached XP level 1. HP: 10/10 MP: 3/3
   205 | D:1      | Reached XP level 2. HP: 14/16 MP: 5/5
   497 | D:1      | Reached skill level 1 in Armour
   819 | D:1      | Reached XP level 3. HP: 20/20 MP: 6/6
   859 | D:1      | Reached skill level 1 in Fighting
  1089 | D:1      | Learned a level 3 spell: Confuse
  1809 | D:2      | Reached XP level 4. HP: 20/25 MP: 7/7
  2703 | D:3      | Reached skill level 1 in Short Blades
  2761 | D:3      | Reached XP level 5. HP: 28/30 MP: 8/8
  3068 | D:3      | Noticed Clownie's ghost (amateur MfEn)
  3707 | D:4      | Noticed an ogre
  3851 | D:4      | Found a burning altar of Makhleb.
  3862 | D:4      | Learned a level 2 spell: Ensorcelled Hibernation
  3866 | D:4      | Learned a level 3 spell: Tukima's Dance
  3892 | D:4      | Slain by an iguana

Action                   |  1- 3 |  4- 6 || total
-------------------------+-------+-------++-------
Melee: Dagger            |   214 |   255 ||   469
Throw: Stone             |    78 |    87 ||   165
 Cast: Corona            |    14 |    18 ||    32
       Confuse           |       |     4 ||     4
       Ensorcelled Hiber |       |     1 ||     1
  Use: Potion            |     4 |       ||     4
       Scroll            |     3 |     3 ||     6
 Stab: Sleeping          |     5 |     6 ||    11
       Confused          |       |     1 ||     1
  Eat: Chunk             |     3 |     8 ||    11
